 Dungeon Crawl Stone Soup version 0.27.0-1-g7a089689b8 (webtiles) character file.

Game seed: 11230613951341326986

29117 Demosthentine the Impaler (level 13, 0/108 HPs)
             Began as a Merfolk Gladiator on Aug 2, 2021.
             Was a High Priest of the Shining One.
             Slain by a deep troll (2 damage)
             ... on level 15 of the Dungeon.
             The game lasted 00:18:07 (18911 turns).

Demosthentine the Impaler (Merfolk Gladiator)      Turns: 18911, Time: 00:18:08

Health: 0/108      AC:  8    Str: 16    XL:     13   Next: 43%
Magic:  18/21      EV: 21    Int:  8    God:    the Shining One [*****.]
Gold:   605        SH: 11    Dex: 18    Spells: 12/12 levels left

rFire    . . .     SeeInvis .   j - +1 trident (freeze)
rCold    + . .     Faith    .   (no shield)
rNeg     + + .     Spirit   .   C - +0 troll leather armour
rPois    .         Reflect  .   c - +1 helmet
rElec    .         Harm     .   D - +0 cloak
rCorr    .         Rampage  .   (no gloves)
Will     +....                  (no boots)
Stlth    +.........             z - amulet of the acrobat
HPRegen  1.28/turn              b - ring of protection from cold
MPRegen  0.17/turn              e - ring of willpower

@: divinely shielded, glowing, studying Invocations
A: (nimble swimmer 2), mertail
a: Renounce Religion, Divine Shield, Cleansing Flame, Summon Divine Warrior


You were on level 15 of the Dungeon.
You worshipped the Shining One.
The Shining One was extremely pleased with you.
You visited 2 branches of the dungeon, and saw 16 of its levels.

You collected 2153 gold pieces.
You spent 1548 gold pieces at shops.

Inventory:

Hand Weapons
 j - a +1 trident of freezing (weapon)
Armour
 c - a +1 helmet (worn)
 C - a +0 troll leather armour (worn)
 D - a +0 cloak (worn)
 H - a +0 buckler
Jewellery
 b - a ring of protection from cold (left hand)
 e - a ring of willpower (right hand)
 z - an amulet of the acrobat (around neck)
Wands
 h - a wand of iceblast (12)
 n - a wand of paralysis (19)
 r - a wand of flame (51)
 y - a wand of polymorph (6)
 B - a wand of digging (2)
 E - a wand of mindburst (4)
Scrolls
 a - a scroll of holy word
 l - 5 scrolls of enchant armour
 m - 2 scrolls of enchant weapon
 q - 2 scrolls of magic mapping
 s - 7 scrolls of identify
 t - a scroll of silence
 x - 6 scrolls of teleportation
 F - a scroll of fear
 G - a scroll of fog
Potions
 g - a potion of attraction
 i - 3 potions of brilliance
 k - 6 potions of flight
 o - 2 potions of cancellation
 p - 2 potions of haste
 u - 4 potions of curing
 v - 2 potions of might
 A - a potion of mutation


   Skills:
 + Level 12.2 Fighting
 + Level 15.6 Polearms
 - Level 2.0 Throwing
 - Level 6.1 Armour
 + Level 14.4 Dodging
 + Level 2.2 Shields
 + Level 11.7 Invocations


You had 12 spell levels left.
You didn't know any spells.
Your spell library contained the following spells:

 Spells                   Type           Power      Damage    Failure   Level
 Animate Skeleton         Necr           0%         N/A       45%         1
 Pain                     Necr           0%         1d4       45%         1
 Vampiric Draining        Necr           0%         2d6       83%         3
 Leda's Liquefaction      Hex/Erth       0%         N/A       99%         4
 Petrify                  Tmut/Erth      0%         N/A       99%         4
 Bolt of Magma            Conj/Fire/Erth 0%         4d4       100%        5
 Metabolic Englaciation   Hex/Ice        0%         N/A       100%        5
 Statue Form              Tmut/Erth      0%         N/A       100%        6


Dungeon Overview and Level Annotations

Branches:
Dungeon (15/15)            Temple (1/1) D:6            Lair (0/6) D:10
    Orc (0/2) D:11         Vaults (0/5) D:14
 Depths: D:15

Altars:
Ashenzari
Cheibriados
Dithmenos
Elyvilon
Fedhas
Gozag
Hepliaklqana
Kikubaaqudgha
Makhleb
Nemelex Xobeh
Okawaru
Qazlal
Ru
Sif Muna
Trog
Uskayaw
Vehumet
Wu Jian
Xom
Yredelemnul
Zin
The Shining One

Shops:
D:4 !   D:7 ?   D:12 :


Innate Abilities, Weirdness & Mutations

((You are quick and stealthy near water. (Stealth+, EV+, Speed+++)))
Your lower body shifts to a powerful aquatic tail in water.


Message History

The deep troll claws you!
You are too injured to fight recklessly!
You are too injured to fight recklessly!
You are too injured to fight recklessly!
You are too injured to fight recklessly!
You are too injured to fight recklessly!
You hit the deep troll but do no damage.
The deep troll is lightly wounded.
You puncture the deep troll! You freeze the deep troll.
The deep troll is moderately wounded.
The deep troll bites you! The deep troll misses you.
The deep troll barely misses you.
You hit the deep troll. You freeze the deep troll.
The deep troll is moderately wounded.
The deep troll completely misses you. The deep troll closely misses you.
The deep troll misses you.
You barely miss the deep troll.
The deep troll is moderately wounded.
You hit the deep troll. You freeze the deep troll.
The deep troll is moderately wounded.
The deep troll closely misses you. The deep troll misses you.
The deep troll claws you!
* * * LOW HITPOINT WARNING * * *
You puncture the deep troll! You freeze the deep troll.
The deep troll is heavily wounded.
You hit the deep troll but do no damage.
The deep troll is heavily wounded.
The deep troll barely misses you. x2
The deep troll claws you but does no damage.
You hit the deep troll but do no damage.
The deep troll is heavily wounded.
The deep troll bites you!!
* * * LOW HITPOINT WARNING * * *
The deep troll barely misses you. The deep troll misses you.
Unknown command.
A divine shield forms around you! You block the deep troll's attack.
The deep troll claws you!
* * * LOW HITPOINT WARNING * * *
The deep troll claws you.
You die...

#########. .......
.......... .......
.......... .......
#####... ##.....# #.##
≈≈≈.....# #.# §§#§....#
#.##
§§§....##############...
#§....@................
#≈#≈....T..(.............
..≈................######
..§.....(.(........#
≈.......(....:.....#
........(.(............
........................
......#########..#######
###..( #..#


You could see a deep troll.

Vanquished Creatures
  Erolcha (D:10)
  A vault guard (D:14)
  3 hydras
  A death knight (D:14)
  2 centaur warriors
  3 two-headed ogres
  3 tengu warriors
  A deep elf pyromancer (D:14)
  An ugly thing (D:9)
  3 manticores
  4 cyclopes
  2 gargoyles
  An unseen horror (shapeshifter) (D:13)
  2 unseen horrors
  An efreet (D:14)
  A kobold demonologist (D:12)
  A komodo dragon (D:12)
  2 tengu conjurers
  2 trolls (D:11)
  11 slime creatures (D:12)
  2 wraiths
  A shadow (D:11)
  A wyvern (D:10)
  27 yaks
  A tarantella (shapeshifter) (D:14)
  3 vampire mosquitoes (D:13)
  4 acid dragons
  2 water moccasins
  2 orc warriors
  An ice beast (D:6)
  A sky beast (D:6)
  A black bear (D:5)
  A necrophage (D:8)
  2 ogres (D:5)
  18 centaurs
  3 phantoms
  2 kobold brigands
  2 gnoll sergeants
  A bullfrog (D:8)
  A wyvern zombie (D:8)
  A scorpion (D:4)
  A wyvern skeleton (D:7)
  A water moccasin skeleton (D:5)
  2 troll zombies (D:11)
  4 killer bees
  8 howler monkeys
  3 centaur zombies
  A hound (D:4)
  3 centaur skeletons
  A jelly (D:5)
  9 orc priests
  2 bullfrog skeletons (D:7)
  A gnoll shaman (D:5)
  2 iguanas
  13 orc wizards
  Natasha (thrice) (D:2)
  4 ogre zombies (D:11)
  A hound zombie (D:5)
  A howler monkey skeleton (D:5)
  12 gnolls
  5 adders
  A white imp (D:7)
  An ufetubus (D:4)
  An adder skeleton (D:4)
  A worm (D:2)
  2 dart slugs
  33 orcs
  3 ball pythons
  8 bats
  5 endoplasms
  3 giant cockroaches
  8 hobgoblins
  3 jackals
  19 kobolds
  2 quokkas (D:1)
  2 frilled lizards
  8 goblins
  A goblin skeleton (D:11)
  2 goblin zombies (D:11)
  2 hobgoblin skeletons (D:11)
  3 hobgoblin zombies (D:11)
  An orc skeleton (D:11)
  10 orc zombies (D:11)
  10 rats
329 creatures vanquished.

Vanquished Creatures (collateral kills)
  4 yaktaurs (D:15)
  A blink frog (shapeshifter) (D:15)
5 creatures vanquished.

Vanquished Creatures (others)
  A yaktaur (D:15)
1 creature vanquished.

Grand Total: 335 creatures vanquished

Notes
Turn   | Place    | Note
-------+----------+-------------------------------------------
     0 | D:1      | Demosthentine the Merfolk Gladiator began the quest for the
                  | Orb.
     0 | D:1      | Reached XP level 1. HP: 16/16 MP: 1/1
   318 | D:1      | Reached XP level 2. HP: 23/23 MP: 2/2
   769 | D:1      | Found a faded altar of an unknown god.
   866 | D:2      | Noticed Natasha
   877 | D:2      | Killed Natasha
   878 | D:2      | Reached skill level 5 in Polearms
   878 | D:2      | Reached skill level 1 in Armour
   878 | D:2      | Reached XP level 3. HP: 19/28 MP: 3/3
  1127 | D:2      | Reached XP level 4. HP: 35/35 MP: 4/4
  1557 | D:2      | Noticed Natasha
  1566 | D:2      | Killed Natasha
  1777 | D:2      | Noticed Natasha
  1790 | D:2      | Killed Natasha
  1791 | D:2      | Reached skill level 5 in Dodging
  1791 | D:2      | Reached XP level 5. HP: 12/41 MP: 5/5
  2074 | D:2      | Found a basalt altar of Yredelemnul.
  2595 | D:3      | Found a glowing silver altar of Zin.
  2595 | D:3      | Found an iron altar of Okawaru.
  2865 | D:3      | Found a broken altar of Ashenzari.
  3103 | D:4      | Noticed a phantom
  3125 | D:4      | Killed a phantom
  3126 | D:4      | Reached skill level 6 in Polearms
  3126 | D:4      | Reached XP level 6. HP: 17/48 MP: 6/6
  3817 | D:4      | Found Tiemuvipp's Distillery.
  3823 | D:4      | Bought a potion of heal wounds for 55 gold pieces
  3823 | D:4      | Bought a potion of berserk rage for 55 gold pieces
  4124 | D:5      | Entered Level 5 of the Dungeon
  4270 | D:5      | Reached XP level 7. HP: 54/55 MP: 7/7
  4765 | D:5      | Reached skill level 7 in Polearms
  4809 | D:5      | Found a blossoming altar of Fedhas.
  4838 | D:5      | Found a bloodstained altar of Trog.
  4838 | D:5      | Noticed a yak
  4838 | D:5      | Noticed a yak
  4840 | D:5      | Noticed a yak
  4842 | D:5      | Noticed a yak
  4843 | D:5      | Noticed a yak
  4855 | D:5      | Noticed a yak
  4871 | D:6      | Killed a yak
  4872 | D:6      | Reached skill level 5 in Fighting
  4885 | D:5      | Killed a yak
  4886 | D:5      | Reached XP level 8. HP: 44/62 MP: 8/8
  4892 | D:5      | Killed a yak
  4893 | D:5      | Reached skill level 8 in Polearms
  5508 | D:5      | Killed a yak
  5514 | D:5      | Killed a yak
  5520 | D:5      | Killed a yak
  5521 | D:5      | Reached skill level 9 in Polearms
  5521 | D:5      | Reached XP level 9. HP: 5/71 MP: 9/9
  6413 | D:6      | Found a staircase to the Ecumenical Temple.
  6434 | Temple   | Entered the Ecumenical Temple
  6591 | Temple   | Became a worshipper of the Shining One
  7817 | D:7      | Reached skill level 10 in Polearms
  8013 | D:7      | Found a sacrificial altar of Ru.
  8160 | D:7      | Found Fongaf's Magic Scroll Boutique.
  8170 | D:7      | Bought a scroll of enchant weapon for 97 gold pieces
  8170 | D:7      | Bought a scroll of magic mapping for 45 gold pieces
  8203 | D:7      | Reached * piety under the Shining One
  8940 | D:8      | Reached skill level 5 in Armour
  9065 | D:8      | Reached XP level 10. HP: 78/80 MP: 10/10
  9334 | D:8      | Reached skill level 10 in Dodging
  9554 | D:9      | Reached skill level 11 in Polearms
  9713 | D:9      | Found a sparkling altar of Nemelex Xobeh.
  9901 | D:9      | Reached ** piety under the Shining One
  9938 | D:9      | Found a hazy altar of Hepliaklqana.
 10332 | D:9      | Noticed a purple ugly thing
 10353 | D:9      | Killed a purple ugly thing
 10946 | D:10     | Entered Level 10 of the Dungeon
 10946 | D:10     | Noticed Erolcha
 11037 | D:10     | Killed Erolcha
 11038 | D:10     | Reached skill level 12 in Polearms
 11038 | D:10     | Reached skill level 1 in Invocations
 11038 | D:10     | Reached XP level 11. HP: 89/89 MP: 10/12
 11373 | D:10     | Found a staircase to the Lair.
 11905 | D:10     | Identified a scroll of acquirement
 11905 | D:10     | Acquired 1120 gold pieces
 12106 | D:4      | Bought a potion of heal wounds for 55 gold pieces
 12106 | D:4      | Bought a potion of berserk rage for 55 gold pieces
 12106 | D:4      | Bought a potion of mutation for 88 gold pieces
 12106 | D:4      | Bought a potion of curing for 33 gold pieces
 12106 | D:4      | Bought a potion of curing for 33 gold pieces
 12247 | D:7      | Bought a scroll of identify for 26 gold pieces
 12247 | D:7      | Bought a scroll of enchant armour for 97 gold pieces
 12247 | D:7      | Bought a scroll of enchant armour for 97 gold pieces
 12247 | D:7      | Bought a scroll of teleportation for 39 gold pieces
 12247 | D:7      | Bought a scroll of acquirement for 676 gold pieces
 12247 | D:7      | Bought a scroll of enchant weapon for 97 gold pieces
 12263 | D:8      | Acquired a manual of Invocations
 12590 | D:11     | Found a staircase to the Orcish Mines.
 12590 | D:11     | Reached *** piety under the Shining One
 12716 | D:11     | Reached **** piety under the Shining One
 12753 | D:11     | Noticed a six-headed hydra
 12764 | D:11     | Killed a six-headed hydra
 12881 | D:11     | Noticed a two-headed ogre
 12890 | D:11     | Killed a two-headed ogre
 12891 | D:11     | Reached skill level 10 in Fighting
 12891 | D:11     | Reached skill level 13 in Polearms
 12891 | D:11     | Reached skill level 5 in Invocations
 13684 | D:11     | Noticed a cyclops
 13697 | D:11     | Killed a cyclops
 14548 | D:12     | Found Tygiliwa's Book Boutique.
 14555 | D:12     | Noticed a two-headed ogre
 14572 | D:12     | Killed a two-headed ogre
 14573 | D:12     | Reached XP level 12. HP: 83/98 MP: 13/17
 14870 | D:12     | Noticed a soul eater
 14946 | D:12     | Reached ***** piety under the Shining One
 14985 | D:12     | Reached skill level 14 in Polearms
 16503 | D:13     | Noticed a tengu warrior
 16511 | D:13     | Noticed a centaur warrior
 16531 | D:12     | Killed a tengu warrior
 17154 | D:13     | Killed a centaur warrior
 17155 | D:13     | Reached skill level 10 in Invocations
 17419 | D:14     | Noticed a death knight
 17449 | D:14     | Killed a death knight
 17483 | D:14     | Reached skill level 15 in Polearms
 17589 | D:14     | Noticed a two-headed ogre
 17596 | D:14     | Killed a two-headed ogre
 17597 | D:14     | Reached XP level 13. HP: 98/107 MP: 17/21
 18147 | D:14     | Reached skill level 1 in Shields
 18515 | D:14     | Found a gate to the Vaults.
 18515 | D:14     | Noticed a vault guard
 18602 | D:14     | Killed a vault guard
 18719 | D:15     | Entered Level 15 of the Dungeon
 18820 | D:15     | HP: 3/108 [yaktaur/bolt (16)]
 18911 | D:15     | HP: 2/108 [deep troll (10)]
 18911 | D:15     | Slain by a deep troll

Illustrated notes

Levels and vault maps discovered:
D:1:      amcnicky_arrival_choice, layout_loops_ring,
          shapermc_ecumenical_altar_mp_vishouse
D:2:      layout_loops_corners, basic_altar, columned_hall_lemuel,
          minmay_misc_feat_pillars, uniq_natasha
D:3:      layout_basic, nicolae_ashenzari_skybound, jmf_multi_god_temple
D:4:      layout_basic, serial_shops, nicolae_square_shop
D:5:      layout_basic, mainiacjoe_overflow_24_doors, trog_three_pillars_becter,
          serial_corexii_hall, chequers_hall_statues_y, chequers_hall_statues_y,
          corexii_hall_statues_t, corexii_hall_statues_s, corexii_shack,
          chequers_serial_rivers_micro_a
D:6:      layout_cave_pools, minmay_temple_entry_proselytizer
D:7:      layout_basic, nicolae_ru_great_annihilating_truth, serial_shops, shop
D:8:      layout_basic
D:9:      layout_roguey, nemelex_xobeh_ov_fountains_minmay,
          general_overflow_altar, centaur_isle
D:10:     layout_stronghold, lair_entry_dummy, uniq_erolcha
D:11:     layout_stronghold, zombieorc1_lemuel
D:12:     layout_layer_cave, serial_shops, nicolae_stop_n_shop_1
D:13:     layout_cave_pools
D:14:     layout_loops_ring, david_vaults_5, minivault_26,
          chequers_serial_rivers_room_a
D:15:     hangedman_depths_entry_civil_slaughter, layout_long_grid,
          roderic_lattice_a, nicolae_qazlal_general_emergency, uniq_josephine,
          uniq_kirke
Temple:   zaba_magenta_temple

Skill      XL: |  1  2  3  4  5  6  7  8  9 10 11 12 13 |
---------------+----------------------------------------+-----
Polearms       | 5 6 7 9 10 12 13 15 | 15.6
Armour         | 1 2 3 4 5 6 |  6.1
Fighting       | 3 4 5 6 7 9 10 11 12 | 12.2
Dodging        | 5 6 7 8 9 11 12 13 14 | 14.4
Invocations    | 1 7 10 11 | 11.7
Shields        | 2 |  2.2
Throwing       | |  2.0

Action                   |  1- 3 |  4- 6 |  7- 9 | 10-12 | 13-15 || total
-------------------------+-------+-------+-------+-------+-------++-------
Melee: Trident           |    74 |   224 |   451 |   857 |   120 ||  1726
       Tailslap          |       |       |       |     5 |       ||     5
Throw: Throwing net      |       |     1 |     2 |     3 |       ||     6
Invok: Divine Shield     |       |       |       |       |     1 ||     1
       Summon Divine War |       |       |       |       |     1 ||     1
  Use: Scroll            |     2 |     7 |     7 |     9 |     1 ||    26
       Potion            |     1 |       |     5 |     1 |     5 ||    12
 Stab: Sleeping          |     3 |     4 |     1 |       |       ||     8
Armor: Leather armour    |    20 |    50 |    95 |    83 |       ||   248
       Troll leather arm |       |       |       |    51 |    34 ||    85
Dodge: Dodged            |    38 |   107 |   290 |   493 |   131 ||  1059
Block: Other             |       |       |       |       |     1 ||     1
